 Dungeon Crawl Stone Soup version 0.30-a0-956-gcec3b41aec (webtiles) character file.

Game seed: 3812520113825605239

1177 jasper the Geomancer (level 8, -12/41 HPs)
             Began as a Gargoyle Earth Elementalist on Mar 29, 2023.
             Mangled by a gargoyle
             ... wielding a +0 mace
              (18 damage)
             ... on level 5 of the Dungeon.
             The game lasted 00:08:01 (5063 turns).

jasper the Geomancer (Gargoyle Earth Elementalist)  Turns: 5063, Time: 00:08:02

Health: -12/41     AC: 11    Str: 12    XL:     8   Next: 41%
Magic:  2/11       EV: 11    Int: 18    God:
Gold:   290        SH:  0    Dex: 10    Spells: 5/11 levels left

rFire   . . .      SeeInvis .    h - staff of earth
rCold   . . .      Faith    .    (no shield)
rNeg    + . .      Spirit   .    a - +0 robe
rPois   ∞          Reflect  .    (no helmet)
rElec   +          Rampage  .    (no cloak)
rCorr   .                        f - +0 pair of gloves
Will    .....                    n - +2 pair of boots
Stlth   ++                       (no amulet)
HPRegen 0.26/turn                y - ring of flight
MPRegen 0.12/turn                (no ring)

@: about to teleport, flying, hasted, very quick
A: sickness immunity, AC +5, negative energy resistance 1, electricity
resistance, torment resistance 1, petrification resistance
a: no special abilities


You were on level 5 of the Dungeon.
You visited 1 branch of the dungeon, and saw 6 of its levels.
You also visited: Sewer.

You collected 290 gold pieces.

Inventory:

Hand Weapons
 d - a +1 short sword
 s - a +2 short sword of holy wrath
Missiles
 o - 18 poisoned darts
Armour
 a - a +0 robe (worn)
 e - a +0 pair of boots
 f - a +0 pair of gloves (worn)
 j - a +4 ring mail
 n - a +2 pair of boots (worn)
Magical Staves
 h - a staff of earth (weapon)
Jewellery
 y - a ring of flight (left hand)
Wands
 r - a wand of flame (3)
 u - a wand of iceblast (9)
Scrolls
 i - a scroll of teleportation
 v - a scroll of enchant weapon
Potions
 b - 2 potions of magic
 g - a potion of mutation {unknown}
 k - 6 potions of curing
 l - 5 potions of flight {unknown}
 m - 2 potions of attraction {unknown}
 p - a potion of lignification {unknown}
 q - a potion of might {unknown}
 t - 2 potions of heal wounds {unknown}


   Skills:
 - Level 1.5 Dodging
 - Level 2.1 Stealth
 - Level 2.0 Spellcasting
 + Level 6.3 Conjurations
 - Level 0.7 Transmutations
 - Level 10.0 Earth Magic


You had 5 spell levels left.
You knew the following spells:

 Your Spells              Type           Power      Damage    Failure   Level
a - Sandblast             Erth           100%       2d20      1%          1
b - Passwall              Tmut/Erth      25%        N/A       3%          2
c - Stone Arrow           Conj/Erth      92%        3d12      1%          3

Your spell library contained the following spells:

 Spells                   Type           Power      Damage    Failure   Level
 Summon Small Mammal      Summ           4%         N/A       19%         1
 Petrify                  Tmut/Erth      31%        N/A       21%         4
 Call Canine Familiar     Summ           1%         N/A       47%         3
 Summon Guardian Golem    Hex/Summ       1%         N/A       47%         3


Dungeon Overview and Level Annotations

Branches:
Dungeon (6/15)              Sewer (visited)
 Temple: D:4-7

Altars:
Ashenzari
Cheibriados
Okawaru

Shops:
D:4 :   D:5 :

Annotations:
D:2 Sigmund


Innate Abilities, Weirdness & Mutations

You are immune to sickness and miasma.
Your stone body is resilient. (AC +5)
You are immune to poison.
You resist negative energy. (rN+)
You are resistant to electric shocks. (rElec)
You are resistant to unholy torment.
You are immune to petrification.


Message History

You feel a surge of power!
The blast of sand hits the gargoyle but does no damage.
The gargoyle hits you with a +0 mace!
You take 15 damage, and have 25/41 hp.
MASSIVE DAMAGE!!
You now have 8/11 mp.
Aiming: Sandblast (safe; 1% risk of failure)
Press: ? - help, Q - select action, (/) - cycle Shift-Dir - straight line, f/p - gargoyle
Aim: a gargoyle, wielding a +0 mace (93% to hit)
You feel a surge of power!
The blast of sand hits the gargoyle but does no damage.
The gargoyle closely misses you.
The gargoyle hurls a stone arrow at you.
The stone arrow misses you.
You feel yourself speed up. The gargoyle hits you with a +0 mace!
You take 7 damage, and have 19/41 hp.
Casting: Sandblast (safe; 1% risk of failure)
Confirm with . or Enter, or press ? or * to list all spells.
Aiming: Stone Arrow (safe; 1% risk of failure)
Press: ? - help, Shift-Dir - straight line, f/p - gargoyle
Aim: a gargoyle, wielding a +0 mace (89% to hit)
You feel a surge of power!
The stone arrow hits the gargoyle.
The gargoyle is lightly damaged.
You now have 5/11 mp.
Casting: Stone Arrow (safe; 1% risk of failure)
Confirm with . or Enter, or press ? or * to list all spells.
Aiming: Stone Arrow (safe; 1% risk of failure)
Press: ? - help, Shift-Dir - straight line, f/p - gargoyle
Aim: a gargoyle, wielding a +0 mace (lightly damaged, 89% to hit)
You feel a surge of power!
The stone arrow hits the gargoyle but does no damage.
The gargoyle is lightly damaged.
The gargoyle hits you with a +0 mace!
* * * LOW HITPOINT WARNING * * *
You take 14 damage, and have 5/41 hp.
MASSIVE DAMAGE!!
You now have 2/11 mp.
Casting: Stone Arrow (safe; 1% risk of failure)
Confirm with . or Enter, or press ? or * to list all spells.
You don't have enough magic to cast this spell.
Unknown command.
As you read the scroll of teleportation, it crumbles to dust.
You feel strangely unstable. The gargoyle hits you with a +0 mace!!
You die...

#.#. ######.#.
#.)...... #........
#........ #........
#........
################..
#@9.........# #..
#.#[#######.## #..
#.#...# #..###..
#.###.### ##.#....
#.# #...# #.#....
#.# ###.####.#....
###'#####......+....
#.......######.#....
######### #.......#
#....##


You could see a gargoyle.

Vanquished Creatures
  Eustachio (D:4)
  2 black bears (D:5)
  Blork the orc (D:4)
  A kobold brigand (Sewer)
  A scorpion (D:4)
  4 hounds
  3 orc priests
  2 jellies (D:5)
  Ijyb (D:4)
  Terence (D:3)
  An iguana (D:5)
  2 orc wizards (D:4)
  6 gnolls
  8 adders
  2 river rats
  An ufetubus (D:5)
  3 worms
  2 dart slugs
  19 orcs
  4 endoplasms
  3 giant cockroaches
  5 goblins
  4 hobgoblins
  4 quokkas
  6 ball pythons
  4 bats
  3 frilled lizards
  17 kobolds
  3 rats
114 creatures vanquished.

Notes
Turn   | Place    | Note
-------+----------+-------------------------------------------
     0 | D:1      | jasper the Gargoyle Earth Elementalist began the quest for
                  | the Orb.
     0 | D:1      | Reached XP level 1. HP: 10/10 MP: 3/3
   209 | D:1      | Reached skill level 4 in Earth Magic
   307 | D:1      | Found a faded altar of an unknown god.
   312 | D:1      | Reached XP level 2. HP: 15/15 MP: 3/5
   339 | D:1      | Learned a level 2 spell: Passwall
   798 | D:2      | Noticed Sigmund
  1110 | D:2      | Reached skill level 5 in Earth Magic
  1110 | D:2      | Reached XP level 3. HP: 19/19 MP: 0/6
  1114 | D:2      | Learned a level 3 spell: Stone Arrow
  1227 | D:2      | Identified a scroll of acquirement
  1227 | D:2      | Acquired a staff of earth
  1552 | D:3      | Reached XP level 4. HP: 24/24 MP: 5/7
  1600 | D:3      | Reached skill level 6 in Earth Magic
  1667 | D:3      | Noticed Terence
  1673 | D:3      | Killed Terence
  1681 | D:3      | Reached XP level 5. HP: 19/28 MP: 0/8
  1883 | D:3      | Found a broken altar of Ashenzari.
  2276 | D:4      | Noticed Blork the orc
  2280 | D:4      | Reached skill level 7 in Earth Magic
  2285 | D:4      | Killed Blork the orc
  2286 | D:4      | Reached XP level 6. HP: 21/32 MP: 2/9
  2382 | D:4      | Reached skill level 8 in Earth Magic
  2395 | D:4      | Noticed Ijyb
  2576 | D:4      | Found a glowing drain.
  2605 | Sewer    | Entered a sewer
  2715 | Sewer    | Reached skill level 9 in Earth Magic
  2789 | Sewer    | Reached XP level 7. HP: 33/36 MP: 5/10
  3178 | D:4      | Killed Ijyb
  3421 | D:4      | Reached skill level 1 in Conjurations
  3435 | D:4      | Noticed Eustachio
  3441 | D:4      | Killed Eustachio
  3442 | D:4      | Reached skill level 10 in Earth Magic
  3500 | D:4      | Found a snail-covered altar of Cheibriados.
  3608 | D:4      | Found Xuramn's Book Shop.
  3970 | D:5      | Entered Level 5 of the Dungeon
  4124 | D:5      | Found an iron altar of Okawaru.
  4138 | D:5      | Reached XP level 8. HP: 38/41 MP: 8/11
  4264 | D:5      | Reached skill level 5 in Conjurations
  4288 | D:5      | Found Fyteumerch's Vocational Training.
  5050 | D:6      | Noticed a gargoyle
  5063 | D:5      | Mangled by a gargoyle

Illustrated notes

Levels and vault maps discovered:
D:1:      minmay_arrival_widening_spiral_wide, layout_basic,
          ebering_ecumenical_altar_ruins, hangedman_decor_clover_reticule,
          dreamdust_wishing_well, kennysheep_nondescript
D:2:      layout_basic, uniq_robin, uniq_sigmund
D:3:      layout_rooms, nicolae_ashenzari_panopticon,
          chequers_serial_rivers_micro_a, uniq_terence
D:4:      layout_basic, mainiacjoe_overflow_brackets, portal_sewer_entry_a,
          serial_shops, shop, kennysheep_generic_room_7, uniq_blork_the_orc,
          uniq_ijyb, uniq_eustachio
D:5:      layout_basic, mainiacjoe_overflow_24_doors, nicolae_shop_vocational
D:6:      layout_layer_cave

Skill      XL: |  1  2  3  4  5  6  7  8 |
---------------+-------------------------+-----
Earth Magic    | 4 5 6 7 9 10 | 10.0
Conjurations   | 4 6 |  6.3
Dodging        | |  1.5
Stealth        | |  2.1
Spellcasting   | |  2.0
Transmutations | |  0.7

Action                     |  1- 3 |  4- 6 |  7- 9 || total
---------------------------+-------+-------+-------++-------
  Melee: Unarmed           |     1 |       |       ||     1
         Short sword       |     1 |       |       ||     1
         Staff             |    10 |    12 |       ||    22
   Cast: Sandblast         |    48 |    59 |    71 ||   178
         Stone Arrow       |       |       |     2 ||     2
    Use: Scroll            |     3 |     2 |     6 ||    11
         Potion            |       |     1 |     1 ||     2
 Armour: Robe              |    19 |    25 |     7 ||    51
  Dodge: Dodged            |    30 |    22 |    11 ||    63

Table legend: (Time is in decaauts)
 A = Elapsed time spent in this place.
 B = Non-inter-level travel time spent in this place.
 C = Inter-level travel time spent in this place.
 D = Time resting spent in this place.
 E = Time spent auto-exploring this place.
 F = Levels seen in this place.
 G = Mean time per level.
                   A        B        C        D        E       F      G
               +--------+--------+--------+--------+--------+-----+--------+
         Total |   5252 |   5032 |    220 |    667 |   3475 |   7 |  750.3 |
       Dungeon |   4583 |   4363 |    220 |    664 |   2924 |   6 |  763.8 |
         Sewer |    668 |    668 |      0 |      3 |    551 |   1 |  668.0 |
               +--------+--------+--------+--------+--------+-----+--------+

Top non-repeatable levels by time:
     D:4: 1161 daAuts
     D:1: 1123 daAuts
     D:5: 1097 daAuts
     D:3: 841 daAuts
   Sewer: 668 daAuts
     D:2: 352 daAuts
     D:6: 7 daAuts
